 Dungeon Crawl Stone Soup version 0.31-a0-161-gb58dd9be76 (webtiles) character file.

Game seed: 1100362790492274635

148 ppsocheesy the Trooper (level 5, -5/47 HPs)
             Began as a Hill Orc Fighter on June 13, 2023.
             Slain by Pikel
             ... wielding a +0 whip of electrocution
              (9 damage)
             ... on level 4 of the Dungeon.
             The game lasted 00:24:24 (1572 turns).

ppsocheesy the Trooper (Hill Orc Fighter)           Turns: 1572, Time: 00:24:25

Health: -5/47      AC:  7    Str: 21    XL:     5   Next: 30%
Magic:  5/5        EV:  9    Int:  8    God:
Gold:   153        SH:  4    Dex: 10    Spells: 4/4 levels left

rFire   . . .        f - +0 hand axe
rCold   . . .        c - +0 buckler
rNeg    . . .        b - +0 scale mail
rPois   .            (no helmet)
rElec   .            (no cloak)
rCorr   .            (no gloves)
SInv    .            (no boots)
Will    .....        (no amulet) Stlth
                     (no ring)
HPRegen 0.27/turn    (no ring)
MPRegen 0.09/turn

%: no passive effects
@: mighty
A: no striking features
a: no special abilities


You were on level 4 of the Dungeon.
You visited 1 branch of the dungeon, and saw 4 of its levels.

You collected 153 gold pieces.

Inventory:

Hand Weapons
 a - a +0 long sword
 f - a +0 hand axe (weapon)
 m - a +0 dagger
 n - a +0 hand axe
 o - a +2 dagger of venom
 z - a +0 sling
 B - a +0 quarterstaff
Missiles
 q - 8 stones
 v - 3 poisoned darts
 y - a throwing net
 A - 4 boomerangs
Armour
 b - a +0 scale mail (worn)
 c - a +0 buckler (worn)
 k - a +0 robe
 l - a +0 leather armour
 r - a +0 robe
 C - a +0 leather armour
Jewellery
 d - an amulet of regeneration
 t - a ring of wizardry
Scrolls
 e - a scroll of enchant armour {unknown}
 g - a scroll of amnesia {unknown}
 h - 4 scrolls of identify {unknown}
 j - 2 scrolls of noise {unknown}
 s - 2 scrolls of poison {unknown}
 u - a scroll of torment {unknown}
 E - a scroll of enchant weapon {unknown}
Potions
 i - a potion of enlightenment {unknown}
 p - a potion of mutation {unknown}
 x - a potion of attraction {unknown}
 D - a potion of heal wounds {unknown}


   Skills:
 + Level 4.3 Fighting
 + Level 2.3 Long Blades
 + Level 3.6 Axes
 + Level 4.1 Armour
 + Level 0.6 Dodging
 + Level 4.0 Shields


You had 4 spell levels left.
You didn't know any spells.
Your spell library was empty.

Dungeon Overview and Level Annotations

Branches:
Dungeon (4/15)
 Temple: D:4-7

Altars:
Hepliaklqana
Okawaru

Annotations:
D:4 Pikel


Message History

You now have 153 gold pieces (gained 17).
Found a scroll labelled XANUYV PUGORCH.
There is a stone staircase leading down here.
There are no items here.
You climb downwards.
There is a stone staircase leading up here.
Found a scroll labelled BUVVUIRHOTU.
Found 3 stones.
q - 8 stones (gained 3)
j - 2 scrolls labelled BUVVUIRHOTU (gained 1)
Okay, then.
A lemure comes into view.
The lemure shouts!
You hear a shout!
The lemure moves out of view.
A lemure comes into view.
The lemure shouts!
The lemure hits you.
You hit the lemure.
The lemure is lightly wounded.
A lemure comes into view.
The lemure hits you.
Pikel, Merchant of Souls comes into view.
He is wielding a +0 whip of electrocution.
You block the lemure's attack. The lemure attacks as you move away!
The lemure hits you.
Pikel drinks a potion.
Pikel goes berserk!
The lemure barely misses you. The lemure attacks as you move away!
You block the lemure's attack.
You hear a shout!
The lemure hits you. Pikel attacks as you move away!
Pikel hits you with a +0 whip of electrocution!
Pikel rages.
Pikel hits you but does no damage.
You are electrocuted!!
* * * LOW HITPOINT WARNING * * *
You feel very mighty all of a sudden. Pikel closely misses you.
A lemure comes into view.
Pikel hits you with a +0 whip of electrocution.
* * * LOW HITPOINT WARNING * * *
Pikel hits you with a +0 whip of electrocution!
You die...

#.............#
..............#
#.............#
######...######
#...# #...#
#...#
#####...#####
..........@.#
...###.####K# ##
##.####5##
......55.#######
##.####.........
......#...#####.
#........####
####.##..5.5# #.
##.##.#


You could see Pikel (berserk) and 3 lemures.

Vanquished Creatures
  A phantom (D:4)
  2 adders
  3 worms
  A dart slug (D:1)
  5 endoplasms
  4 giant cockroaches
  2 goblins (D:1)
  2 hobgoblins
  3 kobolds (D:1)
  3 quokkas (D:3)
  5 ball pythons
  5 bats (D:1)
  5 frilled lizards
  10 rats
51 creatures vanquished.

Notes
Turn   | Place    | Note
-------+----------+-------------------------------------------
     0 | D:1      | ppsocheesy the Hill Orc Fighter began the quest for the
                  | Orb.
     0 | D:1      | Reached XP level 1. HP: 19/19 MP: 1/1
    87 | D:1      | Reached XP level 2. HP: 16/27 MP: 2/2
   280 | D:1      | Reached XP level 3. HP: 21/33 MP: 3/3
   298 | D:1      | Reached skill level 1 in Axes
   482 | D:3      | Found an iron altar of Okawaru.
   539 | D:4      | Noticed a phantom
   568 | D:4      | HP: 1/33 [phantom (4)]
   572 | D:4      | Killed a phantom
   573 | D:4      | Reached XP level 4. HP: 2/41 MP: 4/4
   573 | D:4      | Reached XP level 5. HP: 3/47 MP: 5/5
  1378 | D:3      | Found a hazy altar of Hepliaklqana.
  1551 | D:4      | Noticed a lemure
  1554 | D:4      | Noticed a lemure
  1560 | D:4      | Noticed a lemure
  1562 | D:4      | Noticed Pikel
  1571 | D:4      | Noticed a lemure
  1572 | D:4      | Slain by Pikel

Illustrated notes

Levels and vault maps discovered:
D:1:      minmay_arrival_stair_chambers, layout_basic,
          chequers_serial_rivers_micro_c, minmay_tall_x
D:2:      layout_basic, hellmonk_ecumenical_altar_dog_temple
D:3:      layout_basic, okawaru_trees_1, lemuel_doored_altar,
          gup_sewer_entry_bubbles
D:4:      layout_loops_cross, nicolae_overflow_crystal_walls, uniq_pikel

Skill      XL: |  1  2  3  4  5 |
---------------+----------------+-----
Axes           | 3 |  3.6
Fighting       | 4 |  4.3
Armour         | 4 |  4.1
Shields        | 4 |  4.0
Long Blades    | |  2.3
Dodging        | |  0.6

Action                     |  1- 3 |  4- 6 || total
---------------------------+-------+-------++-------
  Melee: Hand axe          |    93 |   104 ||   197
         Long sword        |     2 |       ||     2
    Use: Potion            |     2 |     2 ||     4
 Armour: Scale mail        |    69 |    51 ||   120
  Dodge: Dodged            |    63 |    52 ||   115
  Block: Buckler           |    32 |    20 ||    52

Table legend: (Time is in decaauts)
 A = Elapsed time spent in this place.
 B = Non-inter-level travel time spent in this place.
 C = Inter-level travel time spent in this place.
 D = Time resting spent in this place.
 E = Time spent auto-exploring this place.
 F = Levels seen in this place.
 G = Mean time per level.
                   A        B        C        D        E       F      G
               +--------+--------+--------+--------+--------+-----+--------+
         Total |   1677 |   1386 |    291 |      0 |      0 |   4 |  419.2 |
       Dungeon |   1677 |   1386 |    291 |      0 |      0 |   4 |  419.2 |
               +--------+--------+--------+--------+--------+-----+--------+

Top non-repeatable levels by time:
     D:3: 789 daAuts
     D:4: 406 daAuts
     D:1: 330 daAuts
     D:2: 150 daAuts
